AoeStats
← CrazyBen

Lombardia

507235662Analyzed
4v4 RM · 15d ago on Sep 17, 2026· 21m 5s· 8 players
Game mode
Random Map
Map size
Large (8 player)
Population
200
Speed
Normal
Resources
Standard
Victory
Conquest
Starting age
Dark Age
Ending age
Imperial Age
RankedLock teamsTeams togetherTeam positionsShared explorationLock speedFull tech treeHidden civsTurbo modeCheats
Victory
Defeat
🇫🇷 Goths · France
1423
+15
🇦🇺 Armenians · Australia
1351
+18
🇦🇺 Persians · Australia
1334
+18
🇬🇧 Magyars · United Kingdom
1320
+19
🇦🇷 Wei · Argentina
1443
-20
🇲🇴 Teutons · Macao SAR China
1398
-18
🇮🇳 Mongols · India
1381
-17
🇨🇳 Portuguese · China
1337
-15
chanakya
9:32 Feudal Age
10:39 Loom
14:49 Double-Bit Axe
14:46 Horse Collar
19:28 Fletching
jimmy211211
7:39 Loom
10:02 Feudal Age
Chongyass
12:23 Feudal Age
14:02 Loom
16:48 Castle Age
14:42 Double-Bit Axe
23:54 Imperial Age
21:20 Stone Mining
中國香港玩家
1:57 Loom
12:46 Feudal Age
13:27 Double-Bit Axe
13:23 Horse Collar
14:47 Gold Mining
16:22 Stone Mining
18:01 Wheelbarrow
18:11 Bloodlines
21:54 Castle Age
gytisrepsys
8:47 Loom
11:07 Feudal Age
15:52 Castle Age
13:54 Double-Bit Axe
15:28 Wheelbarrow
17:21 Bow Saw
Boga
7:00 Loom
9:25 Feudal Age
9:41 Loom
14:06 Man-at-Arms
14:43 Long Swordsman
17:21 Forging
17:31 Fletching
21:43 Wheelbarrow
23:42 Castle Age
CrazyBen
3:48 Loom
13:00 Feudal Age
14:32 Double-Bit Axe
15:01 Horse Collar
17:42 Castle Age
16:44 Stone Mining
19:02 Scale Mail Armor
S15_RB26
12:33 Feudal Age
13:52 Horse Collar
16:39 Castle Age
16:11 Double-Bit Axe
18:10 Bow Saw
21:56 Wheelbarrow
Connection lost

Rejoining the realm…

Still unreachable

The connection could not be restored.

Session expired

The server has moved on; the page needs a fresh start.